Map: Blueshift LE

Players

oliM

  • Race: Protoss Protoss
  • League: Grandmaster
  • Spawn Location: 7:00

Lambo - Winner!

  • Race: Zerg Zerg
  • League: Grandmaster
  • Spawn Location: 1:00

VOD

Have the link to the VOD?

Description

Time

  • Played on: Dec. 16, 2018, 6:54 a.m.
  • Length: 9:46
Show
View Real Time Build Order
Export as new Build Order

oliM Protoss 

Build Orders: 1 Gate Expand, Zealot Archon, Archon Drop, Dark Templar Rush 

Get SALT Encoding   

  12  0:01  Probe  
  13  0:13  Probe  
  14  0:20  Pylon  
  14  0:25  Probe  
  15  0:35  Probe  
  15  0:39  Gateway  
  16  0:43  Probe  
  17  0:52  Probe, Assimilator  
  18  1:04  Probe  
  19  1:16  Probe  
  20  1:24  Nexus  
  20  1:34  Cybernetics Core  
  20  1:37  Probe  
  21  1:44  Assimilator  
  21  1:49  Probe  
  21  1:52  Pylon  
  22  2:01  Probe  
  23  2:02  Adept  
  23  2:12  Warp Gate  
  23  2:13  Probe  
  26  2:22  Twilight Council  
  26  2:24  Stalker  
  26  2:25  Probe  
  29  2:37  Probe x2  
  31  2:49  Probe x2  
  33  3:01  Probe x2  
  34  3:05  Robotics Facility  
  34  3:11  Probe  
  34  3:13  Probe  
  34  3:19  Probe  
  34  3:23  Dark Shrine  
  34  3:26  Probe  
  36  3:28  Probe  
  36  3:33  Gateway  
  37  3:38  Probe  
  37  3:40  Probe  
  39  3:47  Warp Prism  
  39  3:48  Gateway  
  39  3:49  Gateway  
  39  3:50  Probe  
  39  3:53  Probe  
  41  4:01  Assimilator  
  43  4:05  Probe, Assimilator  
  43  4:06  Probe  
  45  4:15  Pylon  
  45  4:17  Probe  
  46  4:21  Warp Prism, Pylon  
  46  4:33  Probe  
  46  4:37  Pylon  
  49  4:38  Dark Templar  
  49  4:39  Dark Templar  
  49  4:43  Dark Templar  
  49  4:45  Dark Templar  
  57  5:06  Nexus  
  57  5:07  Pylon  
  57  5:14  Dark Templar x2  
  57  5:16  Dark Templar  
  63  5:27  Probe  
  64  5:34  Robotics Bay  
  64  5:45  Robotics Facility  
  64  5:48  Pylon  
  64  5:50  Archon x2  
  64  5:53  Dark Templar  
  64  5:55  Gateway  
  66  5:57  Gateway  
  66  5:58  Archon x2  
  66  5:59  Gateway  
  66  6:03  Gateway  
  66  6:04  Pylon  
  66  6:07  Probe  
  66  6:08  Probe  
  68  6:13  Shield Battery  
  68  6:19  Probe  
  68  6:20  Probe, Disruptor  
  68  6:21  Disruptor  
  70  6:26  Probe  
  70  6:31  Probe  
  78  6:33  Probe  
  79  6:45  Disruptor  
  79  6:46  Probe  
  80  6:47  Disruptor  
  80  6:48  Stalker x2  
  80  6:49  Pylon, Stalker  
  92  7:08  Probe, Pylon  
  92  7:09  Probe  
  92  7:12  Shield Battery  
  92  7:13  Stalker x2  
  98  7:17  Probe  
  102  7:30  Disruptor  
  102  7:31  Disruptor  
  102  7:42  Probe  
  106  7:44  Zealot  
  106  7:45  Pylon  
  106  7:50  Shield Battery  
  108  7:53  Probe  
  108  7:55  Assimilator  
  109  7:58  Stalker x2  
  109  7:59  Assimilator, Stalker x2  
  109  8:04  Observer  
  115  8:09  Zealot  
  118  8:13  Probe  
  118  8:17  Shield Battery  
  118  8:19  Pylon  
  119  8:21  Dark Templar x2  
  109  8:47  Shield Battery x2  
  106  8:50  Zealot x3  
  106  8:51  Zealot x2  
  113  9:00  Nexus  
  113  9:02  Pylon  
  75  9:32  Stalker  
  75  9:33  Stalker  
Show
View Real Time Build Order
Export as new Build Order

Lambo Zerg - Winner!

Build Orders: Hatch First, Roach Hydra 

Get SALT Encoding   

  12  0:00  Drone  
  13  0:13  Overlord  
  13  0:17  Drone  
  14  0:31  Drone x2  
  16  0:47  Hatchery  
  15  0:51  Drone  
  15  0:55  Drone  
  17  0:59  Drone  
  18  1:09  Extractor  
  17  1:14  Spawning Pool  
  17  1:17  Drone  
  17  1:19  Drone  
  18  1:28  Drone  
  19  1:39  Drone  
  20  1:53  Overlord  
  20  2:01  Queen x2  
  20  2:02  Zergling x4  
  26  2:11  Drone x2  
  28  2:24  Drone x2  
  30  2:34  Hatchery  
  30  2:36  Drone  
  30  2:42  Drone x2  
  32  2:46  Overlord  
  32  2:53  Queen  
  32  2:57  Drone x2  
  36  3:05  Drone  
  36  3:06  Drone  
  36  3:12  Spore Crawler  
  35  3:13  Drone x2  
  35  3:14  Spore Crawler  
  39  3:20  Drone x2  
  39  3:23  Drone  
  39  3:25  Drone x2  
  39  3:27  Lair  
  43  3:30  Overlord  
  43  3:36  Drone  
  43  3:37  Roach Warren  
  43  3:42  Drone  
  43  3:46  Extractor  
  43  3:47  Extractor  
  43  3:48  Drone x3  
  43  3:51  Drone x2  
  43  3:52  Drone  
  43  3:54  Queen  
  50  3:58  Drone x2  
  50  3:59  Drone  
  50  4:02  Overlord  
  53  4:06  Drone x2  
  53  4:08  Drone  
  56  4:12  Overlord  
  56  4:14  Drone  
  57  4:19  Drone  
  57  4:20  Overlord  
  57  4:23  Roach  
  57  4:24  Roach  
  62  4:28  Roach x2  
  66  4:33  Roach x3  
  66  4:35  Overseer  
  72  4:43  Overlord  
  72  4:46  Drone x2  
  72  4:49  Overlord  
  72  4:51  Glial Reconstitution  
  74  4:53  Overlord  
  74  4:58  Evolution Chamber  
  74  4:59  Overlord  
  73  5:03  Drone x3  
  73  5:05  Roach x3  
  73  5:06  Extractor  
  81  5:08  Roach x2  
  81  5:09  Overseer  
  81  5:12  Roach  
  81  5:14  Drone x2  
  88  5:20  Roach  
  88  5:21  Drone x4  
  94  5:26  Extractor, Drone  
  94  5:27  Zerg Missile Weapons Level 1  
  94  5:31  Drone  
  95  5:37  Drone  
  95  5:38  Drone x2  
  95  5:40  Drone x2  
  95  5:41  Drone  
  101  5:43  Hydralisk Den  
  101  5:48  Extractor  
  101  5:49  Overlord  
  99  5:52  Overlord  
  99  5:53  Drone x3  
  102  5:59  Overlord  
  102  6:00  Roach, Overlord  
  102  6:01  Overlord  
  102  6:02  Overlord, Metabolic Boost  
  104  6:05  Pneumatized Carapace  
  104  6:06  Overlord x2  
  104  6:11  Roach x3  
  106  6:32  Drone  
  105  6:33  Grooved Spines  
  105  6:34  Hydralisk x5  
  105  6:38  Hydralisk x2  
  119  6:45  Hydralisk x3  
  123  6:47  Hatchery  
  123  6:52  Hydralisk x3  
  128  7:01  Hydralisk  
  128  7:02  Roach x3  
  128  7:05  Ravager  
  137  7:12  Overlord  
  137  7:16  Drone  
  137  7:17  Lurker Den  
  137  7:20  Drone x2  
  137  7:21  Infestation Pit  
  139  7:22  Drone  
  139  7:23  Drone x6  
  145  7:34  Roach x8  
  145  7:35  Drone  
  162  7:42  Overlord x2  
  162  7:43  Overseer  
  162  7:44  Muscular Augments  
  162  7:46  Overlord  
  162  7:49  Extractor  
  162  7:50  Overlord  
  161  7:52  Overlord, Extractor  
  160  8:03  Overlord, Zergling x2  
  160  8:04  Zergling x10  
  166  8:08  Hive  
  166  8:11  Zergling x10  
  171  8:15  Overlord  
  171  8:16  Overlord  
  171  8:22  Zergling x6  
  171  8:23  Zergling x6  
  177  8:29  Zergling x2  
  176  8:34  Zergling x6  
  176  8:41  Zergling x18  
  178  8:50  Hydralisk  
  178  8:51  Hydralisk x5  
  185  8:56  Roach  
  185  9:02  Roach x2  
  183  9:05  Hydralisk  
  183  9:09  Hydralisk x2  
  185  9:13  Hydralisk x5  
  191  9:17  Overlord  
Tags
 
Add a new tag
Caveats
  • Supply blocks, unpowered buildings, or Contaminate may cause inaccurate times.
  • Supply counts are checked every 10 seconds.